AoeStats
← BenJames

Arabia

508797253Analyzed
2v2 RM · 6d ago on Sep 24, 2026· 91m 57s· 4 players
Game mode
Random Map
Map size
Medium (4 player)
Population
200
Speed
Normal
Resources
Standard
Victory
Conquest
Starting age
Dark Age
Ending age
Imperial Age
RankedLock teamsTeams togetherTeam positionsShared explorationLock speedFull tech treeHidden civsTurbo modeCheats
Victory
Defeat
946
+16
🇨🇴 Khmer · Colombia
941
+43
🇨🇴 Magyars · Colombia
1027
-19
🇮🇩 Goths · Indonesia
864
-13
Beginning to learn the game
0:26 Loom
10:19 Feudal Age
10:38 Man-at-Arms
14:08 Fletching
17:16 Padded Archer Armor
18:07 Wheelbarrow
23:07 Castle Age
21:49 Horse Collar
22:00 Gold Mining
22:12 Scale Mail Armor
24:14 Chain Mail Armor
23:21 Eagle Warrior
24:02 Squires
23:51 Double-Bit Axe
25:05 Bodkin Arrow
25:18 Crossbowman
27:54 Leather Archer Armor
28:21 Bow Saw
29:33 Pikeman
34:28 Fervor
35:53 Forging
36:28 Thumb Ring
38:29 Herbal Medicine
41:48 Ballistics
42:17 Hand Cart
44:49 Imperial Age
45:33 Bracer
45:29 Halberdier
47:19 Block Printing
46:57 Arbalester
50:32 Plate Mail Armor
52:30 Hand Cart
53:20 Town Watch
54:08 Ring Archer Armor
56:04 Chemistry
55:49 Iron Casting
54:57 Elite Eagle Warrior
56:22 Town Patrol
58:43 Blast Furnace
58:12 Masonry
57:58 Murder Holes
58:56 Arson
62:16 Conscription
62:11 Masonry
67:13 Two-Man Saw
67:40 Stone Mining
70:18 Architecture
69:29 Treadmill Crane
70:11 Heavy Plow
72:34 Stone Shaft Mining
72:33 Crop Rotation
74:10 Holcans
74:01 Conscription
74:18 Hoardings
74:54 Guard Tower
80:47 Keep
80:23 Fortified Wall
83:24 Guilds
83:01 Heavy Scorpion
84:24 Elite Skirmisher
84:30 Elite Plumed Archer
86:00 Atonement
86:25 Sanctity
fabianandresrestrepo
9:40 Feudal Age
14:30 Loom
17:53 Castle Age
34:35 Imperial Age
39:50 Light Cavalry
40:41 Bloodlines
40:31 Husbandry
43:11 Pikeman
44:46 Murder Holes
55:34 Halberdier
BenJames
7:18 Loom
9:48 Feudal Age
10:29 Double-Bit Axe
10:16 Man-at-Arms
10:58 Double-Bit Axe
13:50 Horse Collar
20:05 Castle Age
19:15 Scale Barding Armor
19:28 Gold Mining
20:35 Bloodlines
21:06 Bow Saw
25:12 Husbandry
26:46 Chain Barding Armor
28:02 Fletching
33:16 Bodkin Arrow
37:01 Imperial Age
37:10 Cavalier
38:28 Plate Barding Armor
39:44 Two-Man Saw
44:10 Wheelbarrow
45:36 Elite Magyar Huszar
48:02 Parthian Tactics
48:55 Thumb Ring
52:08 Conscription
51:51 Corvinian Army
51:16 Light Cavalry
56:27 Hand Cart
56:58 Gold Shaft Mining
56:41 Heavy Plow
57:35 Heavy Cavalry Archer
60:06 Ballistics
60:47 Chemistry
62:26 Padded Archer Armor
62:47 Elite Skirmisher
67:20 Paladin
70:48 Hussar
73:48 Leather Archer Armor
80:32 Crop Rotation
79:55 Stone Mining
81:04 Capped Ram
89:20 Pikeman
mr.lee
0:48 Loom
12:04 Feudal Age
13:23 Wheelbarrow
12:12 Man-at-Arms
14:07 Horse Collar
31:52 Castle Age
32:35 Heavy Plow
38:17 Long Swordsman
41:08 Double-Bit Axe
47:04 Bloodlines
46:55 Husbandry
46:59 Husbandry
48:24 Pikeman
53:15 Imperial Age
50:53 Elite Skirmisher
51:30 Fletching
51:41 Scale Mail Armor
52:31 Bodkin Arrow
54:42 Light Cavalry
55:42 Forging
62:08 Halberdier
62:59 Hussar
63:50 Anarchy
73:23 Squires
Connection lost

Rejoining the realm…

Still unreachable

The connection could not be restored.

Session expired

The server has moved on; the page needs a fresh start.